 Dungeon Crawl Stone Soup version 0.26.1-11-gd32895ea62 (webtiles) character file.

Game seed: 9414347058088784752

48 vvl the Caller (level 3, -2/26 HPs)
             Began as a Merfolk Summoner on July 22, 2021.
             Slain by Natasha (9 damage)
             ... on level 2 of the Dungeon.
             The game lasted 00:04:15 (1669 turns).

vvl the Caller (Merfolk Summoner)                   Turns: 1669, Time: 00:04:16

Health: -2/26      AC:  2    Str: 12 (14) XL:     3   Next: 72%
Magic:  1/6        EV: 13    Int: 13 (15) God:
Gold:   92         SH:  0    Dex: 13 (14) Spells: 5/6 levels left

rFire    . . .     SeeInvis .   h - +0 spear
rCold    . . .     Faith    .   (no shield)
rNeg     . . .     Spirit   .   a - +0 robe
rPois    .         Reflect  .   (no helmet)
rElec    .         Harm     .   (no cloak)
rCorr    .         Rampage  .   (no gloves)
Will     .....                  (no boots)
Stlth    ++........             (no amulet)
HPRegen  0.08/turn              g - +6 ring of strength
MPRegen  0.10/turn              (no ring)

@: slowed, very slow
A: change form in water, swift swim, stealthy swim
a: no special abilities


You were on level 2 of the Dungeon.
You visited 1 branch of the dungeon, and saw 2 of its levels.

You collected 92 gold pieces.

Inventory:

Hand Weapons
 h - a +0 spear (weapon)
Armour
 a - a +0 robe (worn)
Jewellery
 g - a +6 ring of strength (left hand)
Scrolls
 c - 2 scrolls of identify {unknown}
 d - a scroll of remove curse {unknown}
 f - a scroll of fog {unknown}
Potions
 b - a potion of curing


   Skills:
 + Level 1.0 Fighting
 + Level 1.8 Polearms
 + Level 0.6 Armour
 + Level 3.1 Dodging
 - Level 2.1 Stealth
 + Level 2.2 Spellcasting
 + Level 4.2 Summonings
 + Level 0.7 Necromancy


You had 5 spell levels left.
You knew the following spells:

 Your Spells              Type           Power        Failure   Level
a - Summon Small Mammal   Summ           48%          4%          1

Your spell library contained the following spells:

 Spells                   Type           Power        Failure   Level
 Call Imp                 Summ           12%          7%          2
 Call Canine Familiar     Summ           12%          13%         3
 Summon Guardian Golem    Hex/Summ       6%           30%         3
 Summon Ice Beast         Ice/Summ       6%           71%         4
 Summon Lightning Spire   Summ/Air       6%           71%         4


Dungeon Overview and Level Annotations

Branches:
Dungeon (2/15)

Altars:

Annotations:
D:2 Natasha


Message History

Unknown command.
You hit Natasha.
Natasha is heavily wounded.
Your quokka bites Natasha.
Natasha claws your quokka.
Your quokka dies!
Your quokka's corpse disappears in a puff of smoke!
Natasha hisses angrily.
Unknown command.
You barely miss Natasha.
Natasha is heavily wounded.
Natasha barely misses you. Natasha claws you.
* * * LOW HITPOINT WARNING * * *
Unknown command.
Casting: Summon Small Mammal (safe; 4% risk of failure)
Confirm with . or Enter, or press ? or * to list all spells.
Natasha mumbles some strange words.
Casting: Summon Small Mammal (safe; 4% risk of failure)
Confirm with . or Enter, or press ? or * to list all spells.
Natasha claws you!
You die...

### #). #.#
#####
#.########......
### #.##.rr@h5#
##.##
#.##.####.#
#...# #.##.# )(.
##..###)##.#
br)# #...<.....#
.....
#.####.#..#
.....# #####.#
#...## .......
......#####....
.....##
.............###


You could see Natasha, a crimson imp (summoned), a friendly quokka (summoned)
and a friendly rat (summoned).

Vanquished Creatures
  An ooze (D:1)
  A dart slug (D:1)
  A giant cockroach (D:1)
  A goblin (D:2)
  3 hobgoblins
  2 jackals (D:1)
  5 kobolds
  A ball python (D:2)
  A bat (D:1)
  A frilled lizard (D:1)
  3 rats
20 creatures vanquished.

Vanquished Creatures (collateral kills)
  Natasha (D:2)
  A hobgoblin (D:1)
  A jackal (D:1)
  2 goblins
  A rat (D:1)
6 creatures vanquished.

Grand Total: 26 creatures vanquished

Notes
Turn   | Place    | Note
-------+----------+-------------------------------------------
     0 | D:1      | vvl the Merfolk Summoner began the quest for the Orb.
     0 | D:1      | Reached XP level 1. HP: 13/13 MP: 3/3
   503 | D:1      | Reached XP level 2. HP: 20/20 MP: 5/5
   785 | D:1      | Reached skill level 1 in Polearms
   789 | D:1      | HP: 1/20 [kobold (3)]
  1075 | D:1      | Reached XP level 3. HP: 25/25 MP: 6/6
  1536 | D:2      | Noticed Natasha
  1544 | D:2      | Killed Natasha
  1545 | D:2      | Reached skill level 1 in Fighting
  1655 | D:2      | Noticed Natasha
  1669 | D:2      | Slain by Natasha

Illustrated notes

Levels and vault maps discovered:
D:1:      lemuel_arrival_cross, layout_loops_ring
D:2:      layout_loops_ring, lightli_temple_of_fire, uniq_natasha

Skill      XL: |  1  2  3 |
---------------+----------+-----
Polearms       | 1 |  1.8
Dodging        | 3 |  3.1
Fighting       | 1 |  1.0
Armour         | |  0.6
Stealth        | |  2.1
Spellcasting   | |  2.2
Summonings     | |  4.2
Necromancy     | |  0.7

Action                   || total
-------------------------++-------
Melee: Dagger            ||    22
       Unarmed           ||     4
       Spear             ||    60
 Cast: Summon Small Mamm ||    17
  Use: Potion            ||     2
 Stab: Sleeping          ||     4
Armor: Robe              ||    11
Dodge: Dodged            ||    53
